 Dungeon Crawl Stone Soup version 0.31.0-9-g3a7656b989 (webtiles) character file.

Game seed: 15816201106726027074

25 qw the Shooter (level 2, 0/16 HPs)
             Began as a Deep Elf Hunter on Feb 2, 2024.
             Succumbed to an adder's poison
             ... on level 2 of the Dungeon.
             The game lasted 00:00:03 (1179 turns).

qw the Shooter (Deep Elf Hunter)                    Turns: 1179, Time: 00:00:03

Health: 0/16       AC:  5    Str:  8    XL:     2   Next: 86%
Magic:  4/4        EV: 10    Int: 13    God:
Gold:   69         SH:  0    Dex: 18    Spells: 1/1 levels left

rFire   . . .        a - +0 shortbow
rCold   . . .        (shield currently unavailable)
rNeg    . . .        l - +0 ring mail
rPois   .            (no helmet)
rElec   .            (no cloak)
rCorr   .            (no gloves)
SInv    .            (no boots)
Will    .....        (no amulet)
Stlth   +            (no ring)
HPRegen 0.22/turn    (no ring)
MPRegen 0.09/turn

%: no passive effects
@: lethally poisoned (0 -> -1)
A: no striking features
a: no special abilities


You were on level 2 of the Dungeon.
You visited 1 branch of the dungeon, and saw 2 of its levels.

You collected 69 gold pieces.


   Skills:
 - Level 1.5 Fighting
 + Level 6.5 Ranged Weapons
 - Level 2.4 Dodging
 - Level 1.2 Stealth


You had one spell level left.
You didn't know any spells.
Your spell library was empty.

Inventory:

Hand Weapons
 a - a +0 shortbow (weapon)
Armour
 l - a +0 ring mail (worn)
Jewellery
 c - an amulet of the acrobat
Scrolls
 b - a scroll of identify
 g - 2 scrolls of teleportation
Potions
 k - a potion of enlightenment {unknown}

Dungeon Overview and Level Annotations

Branches:
Dungeon (2/15)

Altars:

Shops:
D:2 [


Message History

Enter note:
1107 ||| SHOPLISTING pair of runed gloves (187 gold, have 69).
You can access your shopping list by pressing '$'.
1107 ||| SHOPLISTING shiny ring mail (175 gold, have 69).
You can access your shopping list by pressing '$'.
Found a stone staircase leading down.
There is a stone staircase leading down here.
There is a stone staircase leading down here.
An adder comes into view.
The adder barely misses you.
You shoot an arrow. The arrow barely misses the adder.
The adder closely misses you.
You shoot an arrow. The arrow hits the adder!
The adder is severely wounded.
The adder bites you.
You are poisoned.
The adder poisons you! The adder bites you but does no damage.
You shoot an arrow. The arrow closely misses the adder.
You feel sick. The adder closely misses you.
The adder bites you but does no damage.
You shoot an arrow. The arrow hits the adder.
The adder is almost dead.
You feel sick. The adder bites you.
You are more poisoned.
The adder poisons you!
You shoot an arrow.
The arrow hits the adder but does no damage.
The adder is almost dead.
You feel sick. The adder bites you but does no damage. The adder bites you.
You shoot an arrow. The arrow hits the adder!
You kill the adder!
You feel sick.
There is a lethal amount of poison in your body!
You feel sick.
There is a lethal amount of poison in your body!
You feel sick.
There is a lethal amount of poison in your body!
You feel sick.
There is a lethal amount of poison in your body!
You die...

#.##
##.....###.#.#..#
#.# .... ##...##
#...#.## #.# ##.#
##'##
###.#.####.# #.
#.# #........#
.###.##
###.######
....... #.#
..#.... #.#
.......#######.#
#....@.......#
.....#.#########
..# #. #. #. ..
##


There were no monsters in sight!

Vanquished Creatures
  An adder (D:2)
  5 hobgoblins
  2 kobolds (D:1)
  A quokka (D:1)
  2 ball pythons (D:1)
  A frilled lizard (D:1)
  2 goblins
  2 rats (D:1)
16 creatures vanquished.

Notes
Turn   | Place    | Note
-------+----------+-------------------------------------------
     0 | D:1      | qw the Deep Elf Hunter began the quest for the Orb.
     0 | D:1      | Reached XP level 1. HP: 12/12 MP: 3/3
     0 | D:1      | 0 ||| qw: Version: 0.3-a-155-g5e7d8dd
     0 | D:1      | 0 ||| qw: Game counter: 409
     0 | D:1      | 0 ||| qw: Melee chars always use a shield: true
     0 | D:1      | 0 ||| qw: God list: Okawaru
     0 | D:1      | 0 ||| qw: Allow faded altars: false
     0 | D:1      | 0 ||| qw: Do Orc after clearing Dungeon:15 true
     0 | D:1      | 0 ||| qw: Do second Lair branch before Depths: true
     0 | D:1      | 0 ||| qw: Lair rune preference: random
     0 | D:1      | 0 ||| qw: Goals: Normal
     0 | D:1      | 0 ||| PLANNING D:1-11
   408 | D:1      | Reached XP level 2. HP: 16/16 MP: 4/4
   435 | D:1      | Reached skill level 6 in Ranged Weapons
   448 | D:1      | Found a faded altar of an unknown god.
   765 | D:1      | 765 ||| UPGRADING to +0 scale mail.
   775 | D:1      | 775 ||| DROPPING +0 leather armour.
   776 | D:1      | 776 ||| UPGRADING to +0 ring mail.
   786 | D:1      | 786 ||| DROPPING +0 scale mail.
   787 | D:1      | 787 ||| READING scroll labelled PIRUDI LORAPU.
   787 | D:1      | 787 ||| IDENTIFYING viscous brown potion
   788 | D:1      | 788 ||| READING scroll labelled PEYHES QUOGOFIKK.
   817 | D:1      | 817 ||| READING 3 scrolls labelled DUPSUHAROR.
   820 | D:1      | 820 ||| READING scroll labelled WEPIRR RAEVUME.
   921 | D:1      | 921 ||| READING scroll labelled ZEPEPTENKE.
   922 | D:1      | 922 ||| READING scroll labelled CECZICSORU.
   923 | D:1      | 923 ||| DROPPING scroll of butterflies.
   924 | D:1      | 924 ||| DROPPING potion of berserk rage.
  1098 | D:2      | Found Buabooz's Antique Armour Shoppe.
  1107 | D:2      | 1107 ||| SHOPLISTING pair of runed gloves (187 gold, have
                  | 69).
  1107 | D:2      | 1107 ||| SHOPLISTING shiny ring mail (175 gold, have 69).
  1175 | D:2      | HP: 3/16 [poisoned by an adder]
  1178 | D:2      | HP: 1/16 [poisoned by an adder]
  1179 | D:2      | Succumbed to an adder's poison

Levels and vault maps discovered:
D:1:      dpeg_arrival_concentric_ovals, layout_basic,
          hellmonk_ecumenical_altar_crossroads, dk_noncrumbling_4,
          kennysheep_flooded_box
D:2:      minmay_wonky_spiral, layout_loops_corners, serial_shops,
          nicolae_shop_dealshenge, corexii_item_surrounded_by_moat,
          minmay_misc_feat_chi, minmay_misc_feat_room,
          nicolae_figureground_sparkle

Skill      XL: |  1  2 |
---------------+-------+-----
Ranged Weapons | 6 |  6.5
Fighting       | |  1.5
Dodging        | |  2.4
Stealth        | |  1.2

Action                     || total
---------------------------++-------
   Fire: Shortbow          ||    44
    Use: Scroll            ||     6
 Armour: Ring mail         ||     6
         Leather armour    ||     5
  Dodge: Dodged            ||     9

Table legend:
 A = Non-vault XP
 B = Vault XP
 C = Vault XP percentage of total XP
 D = Non-vault monster count
 E = Vault monster count
 F = Vault count percentage of total count
                 A         B        C        D         E       F
            +---------+---------+-------+---------+---------+-------
      Total |      37 |       0 |   0.0 |      16 |       0 |   0.0
            +---------+---------+-------+---------+---------+-------
        D:1 |      18 |       0 |   0.0 |      12 |       0 |   0.0
        D:2 |      19 |       0 |   0.0 |       4 |       0 |   0.0
            +---------+---------+-------+---------+---------+-------
